 Dungeon Crawl Stone Soup version 0.31-a0-1005-gfbdfbac (webtiles) character file.

Game seed: 17037852579581812214

2 Partyfoot the Trooper (level 1, 18/18 HPs)
             Began as a Demonspawn Fighter on Nov 11, 2023.
             Quit the game on level 1 of the Dungeon.
             The game lasted 00:00:23 (134 turns).

Partyfoot the Trooper (Demonspawn Fighter)           Turns: 134, Time: 00:00:23

Health: 18/18      AC:  6    Str: 16    XL:     1   Next: 33%
Magic:  1/1        EV:  8    Int:  9    God:
Gold:   0          SH:  4    Dex: 12    Spells: 0/0 levels left

rFire   . . .        (no weapon)
rCold   . . .        c - +0 buckler
rNeg    . . .        b - +0 scale mail
rPois   .            (no helmet)
rElec   .            (no cloak)
rCorr   .            (no gloves)
SInv    .            (no boots)
Will    .....        (no amulet) Stlth
                     (no ring)
HPRegen 0.23/turn    (no ring)
MPRegen 0.07/turn

%: no passive effects
@: no status effects
A: no striking features
a: no special abilities


You were on level 1 of the Dungeon.
You visited 1 branch of the dungeon, and saw 1 of its levels.

Inventory:

Hand Weapons
 a - a +0 flail
Armour
 b - a +0 scale mail (worn)
 c - a +0 buckler (worn)
Potions
 d - a potion of might
 e - 2 potions of mutation {unknown}


   Skills:
 + Level 3.0 Fighting
 + Level 1.8 Maces & Flails
 + Level 2.7 Armour
 + Level 2.7 Shields


You couldn't memorise any spells.
You didn't know any spells.
Your spell library was empty.

Dungeon Overview and Level Annotations

Branches:
Dungeon (1/15)

Altars:


Message History

The ball python barely misses you. The ball python constricts you.
You closely miss the ball python.
The ball python bites you but does no damage.
The ball python constricts you.
You sock the ball python!
You kill the ball python!
No target in view!
No target in view!
HP restored.
Found an escape hatch in the floor.
A bat and a rat come into view.
The bat moves out of view.
There are monsters nearby!
The bat barely misses you. The rat bites you but does no damage.
You closely miss the bat. The bat completely misses you.
You block the bat's attack. The bat hits you but does no damage.
The rat bites you but does no damage.
You thump the bat!
You kill the bat!
The rat bites you but does no damage.
You closely miss the rat. You block the rat's attack.
The rat barely misses you.
You closely miss the rat. You block the rat's attack.
You sock the rat!
You kill the rat!
No target in view!
You see here a bat corpse.
Found a stone staircase leading down.
e - 2 viscous sapphire potions (gained 1)
There is an open door here.
You open the door.
Found a stone staircase leading down.
There is an open door here.
Unknown command.
Unknown command.
Unknown command.
A rat comes into view.
Unknown command.
You are now empty-handed.
Are you sure you want to abandon this character and quit the game? (Confirm with "yes".)

..... . . .... . #####
.. r..##. ###...## ...
....# #....... .. ...#
# #.#....# #>#..###.#
###.##.#.# #.......#
##......#.# #..@.##
##..#..#.#.# #....§#
#§..#......#
#..##'###'###..#.###
#..#≈.≈≈≈.≈##..#.# #
#..#≈≈.§.≈≈#.....# #
...#≈≈...≈≈##..#####
......≈.<.≈§.........
.....#§§§.§§≈###.#####
##..#≈§§≈.≈§# #.### #


You could see a rat.

Vanquished Creatures
  A ball python (D:1)
  A bat (D:1)
  A rat (D:1)
3 creatures vanquished.

Notes
Turn   | Place    | Note
-------+----------+-------------------------------------------
     0 | D:1      | Partyfoot the Demonspawn Fighter began the quest for the
                  | Orb.
     0 | D:1      | Reached XP level 1. HP: 18/18 MP: 1/1
   134 | D:1      | Quit the game

Illustrated notes

Levels and vault maps discovered:
D:1:      ncdulo_lavacross, layout_loops_cross

Action                     || total
---------------------------++-------
  Melee: Flail             ||     9
 Armour: Scale mail        ||     7
  Dodge: Dodged            ||     8
  Block: Buckler           ||     3

Table legend: (Time is in decaauts)
 A = Elapsed time spent in this place.
 B = Non-inter-level travel time spent in this place.
 C = Inter-level travel time spent in this place.
 D = Time resting spent in this place.
 E = Time spent auto-exploring this place.
 F = Levels seen in this place.
 G = Mean time per level.
                   A        B        C        D        E       F      G
               +--------+--------+--------+--------+--------+-----+--------+
         Total |    136 |    135 |      1 |      0 |    112 |   1 |  136.0 |
       Dungeon |    136 |    135 |      1 |      0 |    112 |   1 |  136.0 |
               +--------+--------+--------+--------+--------+-----+--------+

Top non-repeatable levels by time:
     D:1: 136 daAuts
